 Dungeon Crawl Stone Soup version 0.30-a0-165-g1891117ce2 (webtiles) character file.

Game seed: 17597159328850351789

1883 Iusername the Spear-Bearer (level 8, 0/63 (70) HPs)
             Began as a Minotaur Fighter on Sept 28, 2022.
             Was an Initiate of Dithmenos.
             Slain by a wight
             ... wielding a +0 trident
              (1 damage)
             ... on level 6 of the Dungeon.
             The game lasted 00:09:46 (6256 turns).

Iusername the Spear-Bearer (Minotaur Fighter)       Turns: 6256, Time: 00:09:48

HP:   0/63 (70)     AC: 10    Str: 23    XL:     8   Next: 92%
MP:   7/7           EV:  9    Int:  5    God:    Dithmenos [......]
Gold: 295           SH:  9    Dex: 10    Spells: 7/7 levels left

rFire   . . .      SeeInvis .    x - +4 spear
rCold   . . .      Faith    .    s - +0 kite shield
rNeg    . . .      Spirit   .    b - +0 scale mail
rPois   .          Reflect  .    i - +1 hat
rElec   .          Harm     .    r - +0 cloak
rCorr   .          Rampage  .    (no gloves)
Will    .....                    (no boots)
Stlth   ..........               (no amulet)
HPRegen 0.20/turn                (no ring)
MPRegen 0.10/turn                (no ring)

@: mighty, brilliant, flying, hasted, heavily drained, very quick
A: horns 2, retaliatory headbutt
a: Renounce Religion


You were on level 6 of the Dungeon.
You worshipped Dithmenos.
Dithmenos was noncommittal.
You visited 1 branch of the dungeon, and saw 6 of its levels.

You collected 295 gold pieces.

Inventory:

Hand Weapons
 x - a +4 spear (weapon)
Missiles
 a - 3 throwing nets (quivered)
Armour
 b - a +0 scale mail (worn)
 i - a +1 hat (worn)
 r - a +0 cloak (worn)
 s - a +0 kite shield (worn)
Jewellery
 c - a ring of fire
 e - an amulet of faith
Wands
 p - a wand of flame (11)
 q - a wand of digging (2)
 t - a wand of mindburst (12)
Scrolls
 g - 2 scrolls of amnesia
 j - 5 scrolls of teleportation
 m - a scroll of enchant weapon {unknown}
 n - a scroll of silence {unknown}
 u - a scroll of noise {unknown}
 w - a scroll of immolation {unknown}
 y - 3 scrolls of identify
 B - a scroll of fear
Potions
 d - a potion of might
 f - 3 potions of flight
 h - a potion of haste
 k - a potion of mutation {unknown}
 o - a potion of brilliance
 v - a potion of ambrosia
 A - a potion of lignification {unknown}


   Skills:
 + Level 5.8 Fighting
 + Level 8.5 Polearms
 + Level 7.8 Armour
 + Level 3.1 Dodging
 + Level 1.1 Stealth
 + Level 7.2 Shields


You had 7 spell levels left.
You didn't know any spells.
Your spell library contained the following spells:

 Spells                   Type           Power      Damage    Failure   Level
 Foxfire                  Conj/Fire      0%         2x1d4     97%         1
 Magic Dart               Conj           0%         1d3       97%         1
 Blink                    Tloc           0%         N/A       99%         2
 Call Imp                 Summ           0%         N/A       99%         2
 Cigotuvi's Dreadful Rot  Necr/Pois/Air  0%         N/A       99%         2
 Momentum Strike          Conj/Tloc      0%         3d8       99%         2
 Poisonous Vapours        Pois/Air       0%         N/A       99%         2
 Searing Ray              Conj           0%         2d4       99%         2
 Ignite Poison            Fire/Tmut/Pois 0%         N/A       100%        3
 Lesser Beckoning         Tloc           0%         N/A       100%        3
 Mephitic Cloud           Conj/Pois/Air  0%         N/A       100%        3
 Vampiric Draining        Necr           0%         2d6       100%        3
 Fulminant Prism          Conj/Hex       0%         3d6       100%        4
 Manifold Assault         Tloc           0%         N/A       100%        4
 Storm Form               Tmut/Air       0%         N/A       100%        7


Dungeon Overview and Level Annotations

Branches:
Dungeon (6/15)
 Temple: D:4-7

Altars:
Cheibriados
Dithmenos
Gozag
Uskayaw
Wu Jian

Annotations:
D:6 Menkaure


Innate Abilities, Weirdness & Mutations

You have a pair of horns on your head.
You reflexively headbutt those who attack you in melee.


Message History

* * * LOW HITPOINT WARNING * * *
It was a potion of brilliance.
You feel clever all of a sudden.
It was a potion of ambrosia.
You are confused.
You feel invigorated.
Menkaure mumbles some strange words.
Menkaure seems to speed up.
The wight hits you but does no damage.
The wight hits you with a +0 great sword.
* * * LOW HITPOINT WARNING * * *
You feel drained.
It was a potion of curing.
You feel better.
You feel less invigorated.
You puncture the wight!
The wight is heavily damaged.
The wight hits you with a +0 great sword.
* * * LOW HITPOINT WARNING * * *
The wight hits you but does no damage.
You hit the wight.
The wight is severely damaged.
The wight hits you from afar with a +0 trident!
* * * LOW HITPOINT WARNING * * *
You feel drained.
* * * LOW HITPOINT WARNING * * *
The wight barely misses you.
You feel better.
You feel very mighty all of a sudden.
The wight hits you with a +0 great sword.
* * * LOW HITPOINT WARNING * * *
You feel drained.
* * * LOW HITPOINT WARNING * * *
You block the wight's attack.
You feel very buoyant.
You fly up into the air.
You hit the wight. You headbutt the wight.
You destroy the wight!
Dithmenos accepts your kill.
The wight hits you from afar with a +0 trident!
* * * LOW HITPOINT WARNING * * *
You feel drained.
You die...

#.# #<## #.# #.#[ #.# #.#.
#.# #.#. #.# #.#. #####
#.######.#. ......
#.#......#.
......##########......###.
......Mz)@............# #.
.......z#########.....# #.
.####.#.#########.....###.
....M........'.........
###.#..########.....##..
#.##.# ##.#####.. # .#
#.###.... .# #.#...##. ..
#...####.


You could see Menkaure (fast) and 2 wights.

Vanquished Creatures
  Pikel (D:4)
  Grinder (D:5)
  Edmund (D:4)
  An orc warrior (D:6)
  An ice beast (D:6)
  A black bear (D:6)
  An ogre (D:4)
  3 lemures
  A bullfrog (D:6)
  A scorpion (D:4)
  2 wights (D:6)
  2 hounds (D:5)
  Crazy Yiuf (D:3)
  2 orc priests
  Ijyb (D:3)
  2 orc wizards
  15 adders
  7 gnolls
  A shadow imp (D:4)
  A white imp (D:6)
  An ufetubus (D:6)
  A worm (D:3)
  10 dart slugs
  7 orcs
  8 ball pythons
  5 endoplasms
  6 giant cockroaches
  10 goblins
  5 hobgoblins
  12 jackals
  6 kobolds
  4 quokkas
  5 bats
  4 frilled lizards
  3 rats
133 creatures vanquished.

Vanquished Creatures (others)
  A fungus (D:3)
1 creature vanquished.

Grand Total: 134 creatures vanquished

Notes
Turn   | Place    | Note
-------+----------+-------------------------------------------
     0 | D:1      | Iusername the Minotaur Fighter began the quest for the Orb.
     0 | D:1      | Reached XP level 1. HP: 19/19 MP: 0/0
    94 | D:1      | Reached XP level 2. HP: 27/27 MP: 1/1
   749 | D:2      | Reached XP level 3. HP: 29/33 MP: 2/2
   786 | D:2      | Reached skill level 3 in Polearms
   788 | D:2      | Found a faded altar of an unknown god.
   814 | D:2      | Got Plato's Quarto of Blasts
  1073 | D:2      | Reached XP level 4. HP: 32/40 MP: 3/3
  1332 | D:2      | Got the Grimoire of the Fiery Dead
  1417 | D:2      | Reached skill level 4 in Polearms
  1791 | D:3      | Noticed Ijyb
  1797 | D:3      | Killed Ijyb
  1798 | D:3      | Reached XP level 5. HP: 25/47 MP: 4/4
  2483 | D:3      | Found a runed translucent door.
  2484 | D:3      | Noticed Crazy Yiuf
  2495 | D:3      | Killed Crazy Yiuf
  2586 | D:4      | Reached skill level 5 in Polearms
  2644 | D:4      | Noticed a lemure
  2648 | D:4      | Noticed a lemure
  2656 | D:4      | Noticed Pikel
  2658 | D:5      | Entered Level 5 of the Dungeon
  2975 | D:5      | Killed a lemure
  2990 | D:5      | Reached XP level 6. HP: 53/53 MP: 5/5
  2992 | D:5      | Reached skill level 1 in Dodging
  3229 | D:5      | Found a snail-covered altar of Cheibriados.
  3232 | D:5      | Found an opulent altar of Gozag.
  3235 | D:5      | Found a hide-covered altar of Uskayaw.
  3249 | D:5      | Found an ornate altar of the Wu Jian Council.
  3317 | D:5      | Noticed Grinder
  3334 | D:5      | Paralysed by Grinder for 4 turns
  3342 | D:5      | Killed Grinder
  3343 | D:5      | Reached skill level 6 in Polearms
  3343 | D:5      | Reached skill level 5 in Armour
  3630 | D:5      | Reached XP level 7. HP: 60/60 MP: 6/6
  3822 | D:5      | Reached skill level 5 in Shields
  3837 | D:5      | Reached skill level 5 in Fighting
  4449 | D:4      | Killed Pikel
  4450 | D:4      | Reached skill level 7 in Polearms
  4450 | D:4      | Reached skill level 1 in Stealth
  4450 | D:4      | Reached XP level 8. HP: 39/69 MP: 7/7
  4694 | D:4      | Noticed Edmund
  4709 | D:4      | Killed Edmund
  5398 | D:4      | Found a shadowy altar of Dithmenos.
  5407 | D:4      | Became a worshipper of Dithmenos the Shadowed
  5613 | D:6      | Reached skill level 8 in Polearms
  6148 | D:6      | Identified the +1 robe of the Kangaroo {rF++}
  6235 | D:6      | Noticed Menkaure
  6256 | D:6      | HP: 1/65 [wight/+0 trident (9)]
  6256 | D:6      | Slain by a wight

Illustrated notes

Levels and vault maps discovered:
D:1:      lightli_arrival_flooded_house, layout_basic
D:2:      minmay_alternating_diamond, layout_loops_cross,
          shapermc_ecumenical_altar_rom_forum, serial_bayou_pond_d
D:3:      layout_basic, uniq_ijyb, uniq_crazy_yiuf_cottage
D:4:      kennysheep_slugbush, layout_gridville, mainiacjoe_overflow_alcove_2,
          lightli_ossuary_entry_decrepit_ruins, patterned_corridor, uniq_pikel,
          uniq_edmund
D:5:      layout_loops_ring, grunt_temple_overflow_cloverleaf, uniq_grinder
D:6:      layout_basic, uniq_menkaure

Skill      XL: |  1  2  3  4  5  6  7  8 |
---------------+-------------------------+-----
Fighting       | 4 5 |  5.8
Armour         | 4 5 6 7 |  7.8
Shields        | 4 6 7 |  7.2
Polearms       | 3 4 5 6 7 8 |  8.5
Dodging        | 1 2 3 |  3.1
Stealth        | 1 |  1.1

Action                   |  1- 3 |  4- 6 |  7- 9 || total
-------------------------+-------+-------+-------++-------
Melee: Trident           |    70 |   145 |    24 ||   239
       Headbutt          |     7 |    22 |    41 ||    70
       Spear             |       |       |   201 ||   201
  Use: Scroll            |       |     6 |     1 ||     7
       Potion            |       |     2 |     9 ||    11
Armor: Scale mail        |    34 |    45 |    55 ||   134
Dodge: Dodged            |    24 |    65 |    63 ||   152
Block: Buckler           |    14 |    15 |       ||    29
       Kite shield       |       |    21 |    86 ||   107

Table legend: (Time is in decaauts)
 A = Elapsed time spent in this place.
 B = Non-inter-level travel time spent in this place.
 C = Inter-level travel time spent in this place.
 D = Time resting spent in this place.
 E = Time spent auto-exploring this place.
 F = Levels seen in this place.
 G = Mean time per level.
                   A        B        C        D        E       F      G
               +--------+--------+--------+--------+--------+-----+--------+
         Total |   6259 |   6097 |    162 |   1118 |   4014 |   6 | 1043.2 |
       Dungeon |   6259 |   6097 |    162 |   1118 |   4014 |   6 | 1043.2 |
               +--------+--------+--------+--------+--------+-----+--------+

Top non-repeatable levels by time:
     D:5: 1657 daAuts
     D:4: 1214 daAuts
     D:3: 1070 daAuts
     D:2: 808 daAuts
     D:6: 787 daAuts
     D:1: 721 daAuts
